 Dungeon Crawl Stone Soup version 0.17.0-28-g6e173f8 (webtiles) character file.

244 dohliylev the Covert (level 5, -9/38 HPs)
             Began as a Vampire Assassin on Nov 23, 2015.
             Was an Initiate of Dithmenos.
             Mangled by bollicks1999's ghost (10 damage)
             ... on level 4 of the Dungeon.
             The game lasted 00:26:57 (3419 turns).

dohliylev the Covert (Vampire Assassin)             Turns: 3419, Time: 00:26:57

Health: -9/38      AC:  0    Str:  5    XL:     5   Next: 83%
Magic:  3/5        EV: 21    Int: 13    God:    Dithmenos [......]
Gold:   72         SH:  0    Dex: 22    Spells: 1 memorised, 3 levels left

rFire  . . .     SeeInvis +     (weapon currently unavailable)
rCold  + . .     Clarity  .     (armour currently unavailable)
rNeg   + + .     SustAt   .     (shield currently unavailable)
rPois  +         Gourm    .     (helmet currently unavailable)
rElec  .         Spirit   .     (cloak currently unavailable)
rCorr  .         Warding  .     (gloves currently unavailable)
rMut   .         Stasis   .     (boots currently unavailable)
MR     .....                    (no amulet)
Stlth  ++++++....               (ring currently unavailable)
                                (ring currently unavailable)

@: bat-form, flying, regenerating slowly, very quick, not resistant to hostile
enchantments, very stealthy
A: (fangs 0), see invisible, (unbreathing)
a: End Transformation, Renounce Religion


You were on level 4 of the Dungeon.
You worshipped Dithmenos.
Dithmenos was noncommittal.
You were very thirsty.
You were in vampire-bat-form.
You visited 1 branch of the dungeon, and saw 4 of its levels.

You collected 72 gold pieces.

Inventory:

Hand Weapons
 a - a +2 dagger (melded)
 b - a +0 blowgun
Missiles
 f - 2 curare-tipped needles
Armour
 c - a +0 robe (melded)
 d - a +0 cloak (melded)
Jewellery
 o - a cursed ring of invisibility (melded)
Wands
 q - a wand of random effects (27)
Scrolls
 i - 2 scrolls of remove curse {unknown}
 j - 2 scrolls of recharging {unknown}
 k - a scroll of fog {unknown}
 m - 4 scrolls of identify {unknown}
 p - a scroll of amnesia {unknown}
 u - a scroll of teleportation {unknown}
Potions
 g - 17 potions of blood
 h - 2 potions of curing {unknown}
 l - a potion of mutation {unknown}
 n - a potion of lignification {unknown}
 r - 2 potions of magic {unknown}
 s - a potion of flight {unknown}
Books
 e - a book of Cantrips

   Spells                             Type                      Level
   a - Corona                         Hexes                        1
   b - Animate Skeleton               Necromancy                   1
   c - Summon Small Mammal            Summoning                    1
   d - Apportation                    Translocation                1


   Skills:
 + Level 1.9 Fighting
 - Level 2.1 Short Blades
 - Level 2.1 Throwing
 + Level 2.4 Dodging
 * Level 9.8 Stealth


You had 3 spell levels left.
You knew the following spells:

 Your Spells              Type           Power        Failure   Level  Hunger
a - Corona                Hex            #......      30%         1    ##.....


Dungeon Overview and Level Annotations

Branches:
Dungeon (4/15)
 Temple: D:4-7

Altars:
Dithmenos
Gozag
Kikubaaqudgha

Annotations:
D:3 bollicks1999's ghost, novice FoFi
D:4 bollicks1999's ghost, amateur FoFi


Innate Abilities, Weirdness & Mutations

You heal slowly.
((You have razor-sharp teeth.))
You have supernaturally acute eyesight.
((You can survive without breathing.))


Message History

You can't open doors in your present form.
Your transformation has ended.
Your +2 dagger unmelds from your body.
Your +0 cloak unmelds from your body.
Your +0 robe unmelds from your body.
Your cursed ring of invisibility unmelds from your body.
You open the door.
Found a shadowy altar of Dithmenos and an ancient bone altar of Kikubaaqudgha.
There is an open door here.
There is a shadowy altar of Dithmenos here.
You kneel at the altar of Dithmenos.
Dithmenos welcomes you!
You start resting.
You are feeling very thirsty.
You turn into a vampire bat.
Your +2 dagger melds into your body.
Your +0 cloak melds into your body.
Your +0 robe melds into your body.
Your cursed ring of invisibility melds into your body.
Bollicks1999's ghost hits you.
* * * LOW HITPOINT WARNING * * *
Bollicks1999's ghost hits you!
You die...

#......#
####...#...##
#......#
#...........#
#...#..#
#......##..#
###....###...#
#.....##
##...# ###
#.##### ...#
#.###.# #..#
##_.≈#.# #..
#8...b.# .##
##_.W### #.###
###


You could see bollicks1999's ghost.

Vanquished Creatures
  Ijyb (D:2)
  An orc priest (D:3)
  An iguana (D:4)
  3 gnolls (D:3)
  6 adders
  4 worms
  2 orcs (D:3)
  11 giant cockroaches
  3 hobgoblins (D:1)
  11 jackals
  8 kobolds
  A quokka (D:3)
  3 bats
  A giant gecko (D:1)
  5 giant newts
  8 goblins
  6 rats
75 creatures vanquished.

Notes
Turn   | Place    | Note
--------------------------------------------------------------
     0 | D:1      | dohliylev the Vampire Assassin began the quest for the Orb.
     0 | D:1      | Reached XP level 1. HP: 16/16 MP: 1/1
    26 | D:1      | Reached skill level 6 in Stealth
   420 | D:1      | Reached XP level 2. HP: 22/22 MP: 2/2
  1259 | D:2      | Reached skill level 7 in Stealth
  1325 | D:2      | Reached XP level 3. HP: 24/27 MP: 3/3
  1408 | D:2      | Found an opulent altar of Gozag.
  1525 | D:2      | Reached XP level 4. HP: 17/33 MP: 4/4
  1567 | D:2      | Reached skill level 8 in Stealth
  1728 | D:2      | Noticed Ijyb
  1731 | D:2      | Killed Ijyb
  1868 | D:3      | Noticed bollicks1999's ghost (novice FoFi)
  2562 | D:3      | Reached XP level 5. HP: 20/38 MP: 5/5
  2568 | D:3      | Reached skill level 9 in Stealth
  3060 | D:3      | Learned a level 1 spell: Corona
  3366 | D:4      | Noticed bollicks1999's ghost (amateur FoFi)
  3401 | D:4      | Found a shadowy altar of Dithmenos.
  3401 | D:4      | Found an ancient bone altar of Kikubaaqudgha.
  3407 | D:4      | Became a worshipper of Dithmenos the Shadowed
  3418 | D:4      | HP: 1/38 [bollicks1999's ghost (5)]
  3419 | D:4      | Mangled by bollicks1999's ghost

Action                   |  1- 3 |  4- 6 || total
-------------------------+-------+-------++-------
Melee: Dagger            |    50 |    77 ||   127
 Fire: Blowgun           |    36 |    25 ||    61
 Cast: Corona            |       |     2 ||     2
 Abil: Bat Form          |       |     7 ||     7
       End Transformatio |       |     6 ||     6
  Use: Potion            |       |     2 ||     2
 Stab: Sleeping          |    24 |    14 ||    38
       Distracted        |       |     1 ||     1
  Eat: Corpse            |       |     2 ||     2
